 Dungeon Crawl Stone Soup version 0.24-a0-446-g87df7205b4 (webtiles) character file.

Game seed: 145759649213878099

9774 Krouwed the Scholar of Death (level 11, -7/86 HPs)
             Began as a Human Necromancer on June 23, 2019.
             Was a Follower of Kikubaaqudgha.
             Mangled by a seven-headed hydra (14 damage)
             ... on level 11 of the Dungeon.
             The game lasted 01:20:33 (14903 turns).

Krouwed the Scholar of Death (Human Necromancer)   Turns: 14903, Time: 01:20:35

Health: -7/86      AC: 10    Str: 21    XL:     11   Next: 80%
Magic:  21/22      EV: 19    Int: 16    God:    Kikubaaqudgha [*.....]
Gold:   258        SH:  0    Dex: 18    Spells: 11/25 levels left

rFire    x . .     SeeInvis .   Q - +10 whip of Jiathim {flame, rN+}
rCold    + . .     Gourm    +   (no shield)
rNeg     + . .     Faith    .   h - +1 leather armour "Bisew" {Dex+4}
rPois    .         Spirit   .   i - +0 helmet
rElec    .         Reflect  .   (no cloak)
rCorr    .         Harm     .   U - +1 pair of gloves {Str+3}
MR       .....                  b - +2 pair of boots
Stlth    ++........             P - amulet of the Scavenger {Gourm Str+7}
HPRegen  0.24/turn              y - +3 ring of evasion
MPRegen  0.18/turn              M - ring of ice

@: lethally poisoned (-7 -> -10), about to teleport, slowed, very slow
A: no striking features
a: Receive Corpses, Renounce Religion


You were on level 11 of the Dungeon.
You worshipped Kikubaaqudgha.
Kikubaaqudgha was aware of your devotion.
You were full.

You visited 2 branches of the dungeon, and saw 12 of its levels.
You also visited: Ossuary.

You collected 510 gold pieces.
You spent 252 gold pieces at shops.

Inventory:

Hand Weapons
 s - a +0 morningstar of crushing
 Q - the +10 whip of Jiathim (weapon) {flame, rN+}
   (You found it on level 9 of the Dungeon)

   It has been specially enchanted to burn those struck by it, causing extra
   injury to most foes and up to half again as much damage against particularly
   susceptible opponents.
   It protects you from negative energy.
Missiles
 L - 4 silver javelins
 S - 3 atropa-tipped darts (quivered)
Armour
 b - a +2 pair of boots (worn)
 h - the +1 leather armour "Bisew" (worn) {Dex+4}
   (You found it on level 7 of the Dungeon)

   It affects your dexterity (+4).
 i - a +0 helmet (worn)
 C - a -1 shield
 F - a +2 ring mail of fire resistance
 U - a +1 pair of gloves of strength (worn)
 V - a +2 robe of cold resistance
Jewellery
 y - a +3 ring of evasion (left hand)
 E - an uncursed ring of flight
 M - a ring of ice (right hand)
 P - the amulet of the Scavenger (around neck) {Gourm Str+7}
   (You found it on level 9 of the Dungeon)

   [amulet of the gourmand]

   It allows you to eat raw meat even when not hungry.
   It affects your strength (+7).
Wands
 o - a wand of random effects (15)
 D - a wand of flame (11)
 I - a wand of polymorph (10)
 N - a wand of iceblast (5)
 O - a wand of enslavement (4)
 T - a wand of disintegration (6)
Scrolls
 d - 2 scrolls of fog
 e - 11 scrolls of remove curse
 f - 2 scrolls of enchant weapon
 k - 3 scrolls of amnesia
 m - a scroll of random uselessness {unknown}
 n - 3 scrolls of magic mapping {unknown}
 t - a scroll of noise {unknown}
 w - 3 scrolls of enchant armour {unknown}
 x - a scroll of blinking {unknown}
 G - a scroll of torment {unknown}
 R - 6 scrolls of identify
Potions
 g - 2 potions of lignification
 j - a potion of agility {unknown}
 p - 2 potions of magic
 q - 2 potions of cancellation {unknown}
 r - 2 potions of mutation
 u - a potion of haste {unknown}
 v - a potion of brilliance {unknown}
 z - a potion of ambrosia {unknown}
 A - 8 potions of degeneration {unknown}
 B - 2 potions of curing
 H - 5 potions of flight {unknown}
 K - a potion of resistance {unknown}
Comestibles
 c - 10 rations


   Skills:
 + Level 7.8 Fighting
 * Level 8.1 Maces & Flails
 + Level 5.7 Dodging
 - Level 2.0 Stealth
 + Level 7.5 Spellcasting
 - Level 3.0 Conjurations
 + Level 8.9 Necromancy
 - Level 3.0 Air Magic
 - Level 3.0 Poison Magic
 + Level 1.6 Evocations


You had 11 spell levels left.
You knew the following spells:

 Your Spells              Type           Power        Failure   Level  Hunger
a - Pain                  Necr           ####         1%          1    None
b - Animate Skeleton      Necr           N/A          1%          1    None
c - Vampiric Draining     Necr           ####......   1%          3    ##.....
d - Animate Dead          Necr           N/A          3%          4    ####...
e - Mephitic Cloud        Conj/Pois/Air  ###.....     12%         3    ##.....
f - Corpse Rot            Necr           N/A          1%          2    None

Your spell library contained the following spells:

 Spells                   Type           Power        Failure   Level  Hunger
 Sublimation of Blood     Necr           ####......   1%          2    None
 Magic Dart               Conj           ###.         4%          1    None
 Regeneration             Chrm/Necr      ###.......   6%          3    ##.....
 Blink                    Tloc           N/A          21%         2    None
 Call Imp                 Summ           #.......     21%         2    None
 Slow                     Hex            #.......     21%         2    None
 Conjure Flame            Conj/Fire      ##......     22%         3    ##.....


Dungeon Overview and Level Annotations

Branches:
Dungeon (11/15)            Temple (1/1) D:4
   Lair: D:8-11         Orc: D:9-12

Altars:
Ashenzari
Cheibriados
Dithmenos
Elyvilon
Fedhas
Gozag
Hepliaklqana
Kikubaaqudgha
Makhleb
Nemelex Xobeh
Okawaru
Qazlal
Ru
Sif Muna
Trog
Uskayaw
Vehumet
Wu Jian
Xom
Yredelemnul
Zin
The Shining One

Shops:
D:8 *   D:10 *}=[

Annotations:
D:7 7 runed translucent doors, zhorgal's ghost, novice TrFi
D:10 1 exclusion


Message History

The seven-headed hydra resists with almost no effort.
The bullfrog gives a loud, deep croak!
The orc shouts!
You feel sick. The seven-headed hydra bites you!
The seven-headed hydra misses you. The seven-headed hydra bites you!
* * * LOW HITPOINT WARNING * * *
The seven-headed hydra bites you!
* * * LOW HITPOINT WARNING * * *
The seven-headed hydra bites you but does no damage.
The seven-headed hydra closely misses you.
The seven-headed hydra misses you.
An orc comes into view. It is wielding a +0 whip.
As you read the scroll of teleportation, it crumbles to dust.
You feel strangely unstable.
You feel sick.
The seven-headed hydra closely misses you.
The seven-headed hydra completely misses you. x2
The seven-headed hydra bites you.
* * * LOW HITPOINT WARNING * * *
The seven-headed hydra bites you!
You die...
Kikubaaqudgha rasps: "You have failed me!
Welcome... death!"

####.....####...
^...............
........o.....# .....o.ooC...##
.!....o...o.... ......!...E$##
.......E....e#########.#..####.
..E(...<..)ooD@...F............
............y######)..........#
.....##.../.## ##. ..../.....
.... #...†###..... ....5.....
### ###.......... .......Z..
#######>... ......FZ.. .
.......<.. .......Z..
..........


You could see a seven-headed hydra, a cyclops, 2 earth elementals, a deep elf
mage, a hornet, an orc warrior, a bullfrog and 5 orcs.

Vanquished Creatures
  Harold (D:7)
  Fannar (D:10)
  A two-headed ogre (D:7)
  2 hippogriffs
  A wraith (D:10)
  A human (D:7)
  Sigmund (D:2)
  7 yaks
  2 hungry ghosts
  3 hogs (D:7)
  Edmund (D:3)
  A water moccasin (D:5)
  4 sky beasts
  2 orc warriors (D:7)
  A necrophage (D:7)
  3 ice beasts
  2 phantoms
  3 ogres
  8 centaurs
  Blork the orc (D:4)
  3 bullfrogs
  6 water moccasin zombies (Ossuary)
  A scorpion (D:7)
  Dowan (D:4)
  17 killer bees
  4 howler monkeys
  8 crimson imps
  A jelly (D:10)
  A bullfrog zombie (D:7)
  A centaur skeleton (D:11)
  6 orc priests
  8 hounds
  2 bullfrog skeletons
  6 orc wizards
  7 worker ants
  3 big kobold zombies (Ossuary)
  A hound skeleton (D:7)
  2 mummies (Ossuary)
  A worker ant zombie (D:10)
  Robin (D:2)
  12 adders
  An ooze (D:4)
  2 adder zombies
  2 adder skeletons
  2 worms
  5 leopard geckos
  12 orcs
  3 ball pythons
  8 giant cockroaches
  5 hobgoblins
  9 jackals
  3 kobolds
  7 quokkas
  A ball python skeleton (D:4)
  5 bats
  5 frilled lizards
  A gnoll zombie (Ossuary)
  13 goblins
  7 hobgoblin zombies (Ossuary)
  3 kobold zombies (Ossuary)
  A leopard gecko skeleton (D:5)
  7 orc zombies (Ossuary)
  2 quokka zombies (D:6)
  4 rats
246 creatures vanquished.

Vanquished Creatures (collateral kills)
  3 sky beasts
  An eye of draining (D:10)
  3 killer bees (D:8)
  2 howler monkeys (D:8)
  2 orc wizards (D:10)
  An orc priest (D:7)
  2 jellies
  A bullfrog skeleton (D:5)
  A worker ant (D:4)
  An adder (D:2)
  2 dart slugs
  7 orcs
  A ball python (D:4)
  A giant cockroach (D:2)
  A goblin (D:1)
  2 hobgoblins (D:1)
  6 jackals
  2 quokkas
  A bat (D:2)
  A jackal zombie (D:8)
  A kobold (D:2)
  A leopard gecko zombie (D:7)
  A rat (D:2)
44 creatures vanquished.

Vanquished Creatures (others)
  An orc zombie (Ossuary)
1 creature vanquished.

Grand Total: 291 creatures vanquished

Notes
Turn   | Place    | Note
-------+----------+-------------------------------------------
     0 | D:1      | Krouwed the Human Necromancer began the quest for the Orb.
     0 | D:1      | Reached XP level 1. HP: 13/13 MP: 3/3
     2 | D:1      | Learned a level 1 spell: Animate Skeleton
   501 | D:1      | Reached XP level 2. HP: 20/20 MP: 5/5
   644 | D:1      | Reached skill level 1 in Fighting
   719 | D:1      | Reached XP level 3. HP: 22/26 MP: 6/6
   758 | D:1      | Learned a level 3 spell: Vampiric Draining
  1683 | D:2      | Reached XP level 4. HP: 21/32 MP: 1/7
  1853 | D:2      | Reached skill level 1 in Maces & Flails
  2018 | D:2      | Noticed Sigmund
  2563 | D:2      | Noticed Robin
  2924 | D:1      | Reached XP level 5. HP: 26/38 MP: 5/9
  3034 | D:2      | Killed Robin
  3697 | D:3      | Learned a level 4 spell: Animate Dead
  4070 | D:3      | Noticed an ogre
  4075 | D:3      | Killed an ogre
  4075 | D:3      | Reached skill level 5 in Necromancy
  4075 | D:3      | Reached XP level 6. HP: 46/46 MP: 7/11
  4288 | D:4      | Noticed Dowan
  4332 | D:4      | Reached XP level 7. HP: 19/52 MP: 0/12
  4565 | D:4      | Noticed Edmund
  4614 | D:3      | Killed Edmund
  5245 | D:4      | Reached XP level 8. HP: 50/60 MP: 12/14
  5393 | D:4      | Found a staircase to the Ecumenical Temple.
  5400 | Temple   | Entered the Ecumenical Temple
  5576 | D:4      | Killed Dowan
  5725 | D:4      | Noticed Blork the orc
  5752 | D:4      | Killed Blork the orc
  5871 | D:5      | Entered Level 5 of the Dungeon
  6297 | D:2      | Killed Sigmund
  6607 | D:5      | Noticed a hippogriff
  6624 | D:4      | Killed a hippogriff
  6755 | D:5      | Reached skill level 5 in Spellcasting
  7173 | D:5      | Reached skill level 5 in Fighting
  7315 | D:6      | Found a sand-covered staircase.
  7324 | Ossuary  | Entered an ossuary
  7348 | Ossuary  | Reached XP level 9. HP: 48/68 MP: 16/16
  7476 | Ossuary  | Reached skill level 5 in Maces & Flails
  8107 | D:6      | Learned a level 3 spell: Mephitic Cloud
  8407 | D:6      | Reached skill level 1 in Conjurations
  8762 | D:6      | Reached skill level 1 in Air Magic
  8830 | D:6      | Reached skill level 1 in Poison Magic
  9186 | D:7      | Found a large runed translucent door.
  9187 | D:7      | Found a large runed translucent door.
  9189 | D:7      | Found a large runed translucent door.
  9189 | D:7      | Found a large runed translucent door.
  9537 | D:7      | Found a deep blue altar of Sif Muna.
  9683 | D:7      | Reached XP level 10. HP: 28/76 MP: 13/18
  9967 | D:7      | Noticed Harold
 10126 | D:7      | Got a smoking long sword
 10129 | D:7      | Identified the +8 long sword "Ymescharu" {slice, +Rage rC+
                  | Int-2 SInv} (You found it on level 7 of the Dungeon)
 10244 | D:7      | Got a transparent leather armour
 10255 | D:7      | Identified the cursed +1 leather armour "Bisew" {Dex+4}
                  | (You found it on level 7 of the Dungeon)
 10347 | D:7      | Killed Harold
 10512 | D:7      | Found a runed translucent gate.
 10512 | D:7      | Found a runed translucent gate.
 10512 | D:7      | Found a runed translucent gate.
 10532 | D:7      | Noticed zhorgal's ghost (novice TrFi)
 11320 | D:8      | Noticed a two-headed ogre
 11337 | D:7      | Killed a two-headed ogre
 11337 | D:7      | Reached XP level 11. HP: 29/83 MP: 2/21
 11950 | D:8      | Found Deurech's General Store.
 11964 | D:8      | Bought a scroll of teleportation for 48 gold pieces
 11964 | D:8      | Bought a scroll of fog for 32 gold pieces
 12452 | D:8      | Reached skill level 5 in Dodging
 12688 | D:9      | Got a vibrating lead amulet
 12689 | D:9      | Identified the amulet of the Scavenger {Gourm Str+7} (You
                  | found it on level 9 of the Dungeon)
 12751 | D:9      | Got a smoking whip
 12752 | D:9      | Identified the +10 whip of Jiathim {flame, rN+} (You found
                  | it on level 9 of the Dungeon)
 12757 | D:9      | Found a snail-covered altar of Cheibriados.
 12760 | D:9      | Found an ancient bone altar of Kikubaaqudgha.
 12764 | D:9      | Became a worshipper of Kikubaaqudgha
 12766 | D:9      | Found a bloodstained altar of Trog.
 12770 | D:9      | Found a basalt altar of Yredelemnul.
 12771 | D:9      | Found a radiant altar of Vehumet.
 13432 | D:10     | Entered Level 10 of the Dungeon
 13499 | D:10     | Found Xitteasej's Assorted Antiques.
 13556 | D:10     | Found Bayn's Gadget Shop.
 13595 | D:10     | Noticed a catoblepas
 13659 | D:10     | Reached * piety under Kikubaaqudgha
 13659 | D:10     | Identified Kikubaaqudgha's Incunabulum of Darkness
                  | (Kikubaaqudgha gifted it to you on level 10 of the Dungeon)
 13659 | D:10     | Received a gift from Kikubaaqudgha
 13675 | D:10     | Learned a level 2 spell: Corpse Rot
 13754 | D:10     | Reached skill level 1 in Evocations
 13806 | D:10     | Found Zuczostre's Jewellery Shop.
 14135 | D:10     | Noticed Fannar
 14173 | D:10     | Noticed a centaur warrior
 14174 | D:10     | Noticed a centaur warrior
 14200 | D:10     | Killed Fannar
 14205 | D:10     | Noticed a manticore
 14471 | D:10     | Found Ytiysil's Antique Armour Emporium.
 14476 | D:10     | Bought a pair of glowing gloves for 172 gold pieces
 14542 | D:11     | Noticed a red ugly thing
 14892 | D:11     | Noticed a seven-headed hydra
 14895 | D:11     | Noticed a deep elf mage
 14898 | D:11     | Noticed a cyclops
 14903 | D:11     | Mangled by a seven-headed hydra

Levels and vault maps discovered:
D:1:      minmay_arrival_floating_metal, layout_basic
D:2:      layout_loops_cross, uniq_sigmund, uniq_robin
D:3:      layout_basic
D:4:      wander_river, layout_basic, minmay_temple_entry_sparse_star,
          first_ration, minmay_door_square, uniq_edmund, uniq_duvessa,
          uniq_blork_the_orc
D:5:      layout_basic, minmay_chambers_of_fives
D:6:      lemuel_upstairs_altar, layout_basic, enter_ossuary_4,
          corexii_corridor_pit
D:7:      layout_basic, old_standard_altar, ebering_ghost_rock_garden,
          grunt_livestock, minmay_hollow_rounded_squares, uniq_harold
D:8:      layout_gridville, serial_shops, shop
D:9:      layout_loops_ring, minitemple
D:10:     layout_basic, serial_shops, nicolae_shop_statue_plus,
          kennysheep_little_box, shop, kennysheep_mini_moat, minivault_12,
          uniq_fannar
D:11:     minmay_spotlight, layout_rooms, erik_lair_dragon, david_orc_2
Temple:   eino_temple_rhombus

Skill      XL: |  1  2  3  4  5  6  7  8  9 10 11 |
---------------+----------------------------------+-----
Fighting       | 1 2 3 5 6 7 |  7.8
Maces & Flails | 1 2 3 4 5 6 8 |  8.1
Spellcasting   | 3 4 5 6 7 |  7.5
Necromancy     | 5 6 7 8 |  8.9
Conjurations   | 1 2 3 |  3.0
Air Magic      | 1 2 3 |  3.0
Poison Magic   | 1 2 3 |  3.0
Dodging        | 4 5 |  5.7
Evocations     | 1 |  1.6
Stealth        | |  2.0

Action                   |  1- 3 |  4- 6 |  7- 9 | 10-12 || total
-------------------------+-------+-------+-------+-------++-------
Melee: Dagger            |    73 |    62 |       |       ||   135
       Unarmed           |     2 |       |       |       ||     2
       Mace              |       |    16 |    22 |       ||    38
       Flail             |       |       |   141 |       ||   141
       Morningstar       |       |       |   230 |   230 ||   460
       Whip              |       |       |       |   165 ||   165
Throw: Javelin           |     1 |    21 |    53 |    21 ||    96
       Throwing net      |       |       |       |     2 ||     2
       Dart              |       |       |       |     1 ||     1
 Cast: Pain              |    13 |    42 |    11 |     3 ||    69
       Animate Skeleton  |     9 |    15 |     8 |     2 ||    34
       Vampiric Draining |       |    10 |    16 |    48 ||    74
       Animate Dead      |       |     1 |    13 |    29 ||    43
       Mephitic Cloud    |       |       |       |     1 ||     1
Invok: Receive Corpses   |       |       |       |     4 ||     4
Evoke: Wand              |       |       |       |     7 ||     7
  Use: Scroll            |       |     6 |     3 |     9 ||    18
       Potion            |       |     1 |     3 |     1 ||     5
 Stab: Sleeping          |     7 |     3 |     3 |     5 ||    18
       Distracted        |       |       |       |     2 ||     2
       Held in net/web   |       |       |       |     1 ||     1
  Eat: Chunk             |     3 |     6 |     6 |    20 ||    35
       Ration            |       |     1 |     5 |     5 ||    11
Armor: Robe              |    18 |    37 |   156 |    30 ||   241
       Skin              |       |       |    48 |       ||    48
       Leather armour    |       |       |       |   102 ||   102
Dodge: Dodged            |    80 |    99 |   280 |   449 ||   908

Table legend:
 A = Non-vault XP
 B = Vault XP
 C = Vault XP percentage of total XP
 D = Non-vault monster count
 E = Vault monster count
 F = Vault count percentage of total count
                 A         B        C        D         E       F
            +---------+---------+-------+---------+---------+-------
      Total |    9187 |    4777 |  34.2 |     219 |      69 |  24.0
            +---------+---------+-------+---------+---------+-------
        D:1 |      43 |      18 |  29.5 |      25 |       9 |  26.5
        D:2 |      73 |     225 |  75.5 |      22 |       5 |  18.5
        D:3 |     185 |     169 |  47.7 |      12 |       1 |   7.7
        D:4 |     594 |     384 |  39.3 |      18 |       3 |  14.3
        D:5 |     355 |      98 |  21.6 |      11 |       4 |  26.7
        D:6 |     690 |       2 |   0.3 |      22 |       2 |   8.3
        D:7 |    2178 |    2415 |  52.6 |      28 |      16 |  36.4
        D:8 |    1342 |       0 |   0.0 |      27 |       0 |   0.0
        D:9 |    1420 |       0 |   0.0 |      22 |       0 |   0.0
       D:10 |    1984 |     884 |  30.8 |      28 |       1 |   3.4
       D:11 |     323 |       0 |   0.0 |       4 |       0 |   0.0
    Ossuary |       0 |     582 | 100.0 |       0 |      28 | 100.0
            +---------+---------+-------+---------+---------+-------
